Map: Lightshade LE

Players

Stats

  • Race: Protoss Protoss
  • Spawn Location: 5:00

LiquidClem (Clem) - Winner!

  • Race: Terran Terran
  • Spawn Location: 11:00

Event: DreamHack SC2 Masters 2020 Winter

VOD

Have the link to the VOD?

Description

Time

  • Played on: Nov. 15, 2020, 10 a.m.
  • Length: 10:15

All games in this series

Show
View Real Time Build Order
Export as new Build Order

Stats Protoss 

Build Orders: 1 Gate Expand, Phoenix Opening, Colossus Rush 

Get SALT Encoding   

  12  0:00  Probe  
  13  0:12  Probe  
  14  0:18  Pylon  
  14  0:24  Probe  
  15  0:36  Probe (Chrono Boost)  
  15  0:38  Gateway  
  16  0:46  Probe (Chrono Boost)  
  16  0:47  Assimilator  
  17  0:51  Probe (Chrono Boost)  
  18  1:03  Probe  
  19  1:15  Probe  
  20  1:25  Cybernetics Core  
  20  1:27  Probe  
  21  1:39  Nexus  
  21  1:44  Pylon  
  22  1:48  Assimilator  
  22  1:52  Probe  
  22  1:59  Adept (Chrono Boost)  
  22  2:04  Probe  
  22  2:07  Shield Battery  
  24  2:16  Probe  
  25  2:23  Adept  
  25  2:28  Probe  
  28  2:38  Stargate  
  28  2:40  Probe  
  29  2:48  Warp Gate  
  29  2:51  Probe  
  29  2:52  Probe, Adept  
  33  3:03  Probe, Shield Battery  
  33  3:04  Probe  
  35  3:15  Probe  
  35  3:17  Probe  
  37  3:20  Phoenix (Chrono Boost)  
  39  3:28  Probe, Pylon  
  39  3:29  Probe  
  41  3:34  Pylon  
  41  3:40  Probe, Phoenix (Chrono Boost)  
  41  3:41  Probe  
  45  3:52  Probe  
  45  3:53  Probe, Robotics Facility  
  45  3:55  Assimilator  
  47  4:00  Phoenix (Chrono Boost)  
  49  4:04  Probe (Chrono Boost)  
  49  4:05  Probe (Chrono Boost)  
  51  4:10  Assimilator  
  51  4:11  Pylon  
  51  4:16  Probe (Chrono Boost)  
  53  4:17  Probe (Chrono Boost)  
  53  4:21  Phoenix  
  56  4:25  Probe x2 (Chrono Boost)  
  56  4:28  Gateway  
  56  4:30  Probe  
  57  4:31  Probe  
  59  4:39  Pylon  
  59  4:40  Observer  
  60  4:46  Phoenix  
  60  4:52  Probe x2  
  64  4:54  Robotics Bay  
  64  5:06  Immortal (Chrono Boost)  
  67  5:12  Nexus  
  67  5:13  Phoenix  
  69  5:25  Sentry  
  69  5:26  Adept  
  69  5:27  Pylon  
  73  5:31  Pylon  
  73  5:42  Phoenix  
  73  5:43  Pylon  
  75  5:52  Adept, Colossus  
  75  5:53  Adept  
  81  6:11  Phoenix (Chrono Boost)  
  81  6:14  Probe x2  
  81  6:17  Extended Thermal Lance  
  83  6:25  Shield Battery, Pylon  
  83  6:26  Probe x2  
  83  6:30  Probe  
  86  6:35  Phoenix (Chrono Boost)  
  86  6:37  Forge  
  86  6:38  Probe x2  
  86  6:39  Pylon  
  90  6:41  Twilight Council  
  90  6:44  Stalker  
  92  6:47  Probe  
  92  6:50  Probe  
  94  6:57  Phoenix  
  96  7:02  Probe x3  
  96  7:08  Gateway  
  99  7:09  Gateway  
  99  7:10  Pylon  
  99  7:13  Sentry  
  99  7:14  Probe x3, Adept  
  106  7:21  Gateway  
  106  7:23  Gateway  
  106  7:25  Phoenix  
  108  7:30  Colossus (Chrono Boost)  
  108  7:36  Zealot x2  
  118  7:44  Observer  
  118  7:45  Protoss Ground Weapons Level 1  
  118  7:50  Pylon  
  118  7:52  Pylon  
  118  7:53  Pylon  
  118  7:54  Charge  
  118  7:58  Zealot, Gateway  
  118  8:02  Pylon  
  120  8:12  Pylon  
  120  8:14  Zealot x2, Colossus (Chrono Boost)  
  104  8:32  Zealot x3  
  94  8:36  Zealot x2  
  94  8:39  Gateway  
  98  8:41  Gateway  
  98  8:43  Gateway  
  98  8:58  Zealot x4  
  98  8:59  Zealot  
  104  9:03  Colossus (Chrono Boost)  
  88  9:21  Zealot x6  
  100  9:40  Zealot  
  100  9:41  Zealot x2  
Show
View Real Time Build Order
Export as new Build Order

LiquidClem Terran - Winner!

Build Orders:  

Get SALT Encoding   

  12  0:00  SCV  
  13  0:12  SCV  
  14  0:17  Supply Depot  
  14  0:24  SCV  
  15  0:29  Refinery  
  15  0:38  SCV  
  16  0:45  Barracks  
  16  0:50  SCV  
  17  1:03  SCV  
  18  1:08  Engineering Bay  
  18  1:15  SCV  
  18  1:31  Orbital Command  
  18  1:32  Marine  
  18  1:38  Factory  
  19  1:45  Supply Depot  
  19  1:51  Barracks Reactor  
  19  1:57  SCV  
  20  2:09  SCV  
  21  2:20  Command Center  
  21  2:25  Barracks  
  21  2:27  SCV  
  22  2:32  Hellion  
  24  2:39  Hellion  
  24  2:42  SCV  
  24  2:44  Barracks Tech Lab  
  27  2:49  Supply Depot  
  27  2:54  SCV  
  28  3:02  Stimpack, Marine  
  29  3:06  Refinery  
  29  3:07  SCV  
  32  3:13  Widow Mine  
  32  3:19  SCV  
  33  3:20  Marine x2  
  35  3:28  Starport  
  35  3:29  Marine  
  35  3:32  SCV  
  37  3:40  Orbital Command  
  37  3:41  Marine  
  37  3:44  Marine  
  37  3:47  SCV  
  40  3:48  Factory Tech Lab  
  40  3:51  Marine  
  41  3:57  Supply Depot  
  41  3:59  SCV  
  41  4:00  Marine  
  41  4:02  Marine  
  44  4:06  SCV  
  45  4:11  SCV  
  45  4:14  Siege Tank  
  45  4:16  Marine  
  50  4:18  SCV  
  50  4:20  Marine  
  50  4:21  Marine  
  53  4:25  Supply Depot  
  53  4:34  SCV x2  
  53  4:35  Supply Depot  
  53  4:37  Marine  
  53  4:38  Marine  
  56  4:39  Marine  
  58  4:46  Medivac  
  58  4:47  Siege Tank  
  58  4:51  Engineering Bay  
  63  4:54  SCV, Marine  
  63  4:55  SCV  
  64  5:00  Marine x2  
  64  5:03  Refinery  
  64  5:04  Supply Depot  
  64  5:06  SCV  
  67  5:08  Combat Shield  
  67  5:10  SCV  
  67  5:12  Marine  
  69  5:18  SCV, Marine  
  69  5:20  Siege Tank  
  74  5:24  SCV  
  74  5:26  Marine  
  76  5:30  SCV, Marine  
  78  5:36  Barracks  
  78  5:37  Supply Depot, Medivac  
  78  5:39  Marine  
  78  5:41  SCV  
  81  5:44  Marine  
  81  5:46  SCV  
  79  5:50  Marine  
  79  5:53  SCV  
  79  5:54  Siege Tank  
  83  5:57  Marine  
  83  6:00  Bunker  
  83  6:03  Supply Depot  
  84  6:04  Terran Infantry Armor Level 1  
  84  6:07  Marine  
  84  6:09  Marine  
  78  6:15  Medivac, Marine  
  72  6:20  Barracks  
  72  6:23  Barracks  
  72  6:24  Marine  
  72  6:25  Marine  
  71  6:27  Marine  
  71  6:30  Siege Tank  
  76  6:33  Marine  
  77  6:42  Marine  
  77  6:43  Marine  
  77  6:44  Marine  
  77  6:45  Medivac  
  82  6:50  Marine  
  79  7:00  Marine  
  79  7:01  Marine  
  79  7:02  Marine  
  79  7:03  SCV x2  
  79  7:05  Siege Tank  
  79  7:06  Supply Depot  
  86  7:08  Marine  
  86  7:09  Supply Depot  
  87  7:15  SCV  
  87  7:16  SCV  
  87  7:17  Medivac  
  87  7:18  Marine  
  87  7:21  Marauder, Marine  
  95  7:25  Supply Depot, Marine  
  95  7:26  Marine  
  95  7:29  SCV x2, Supply Depot  
  99  7:31  Marine  
  99  7:36  Marine  
  101  7:38  Marine  
  102  7:44  Siege Tank  
  102  7:46  Marauder  
  102  7:49  Medivac  
  109  7:52  Marine  
  109  7:57  Missile Turret, Marine  
  111  7:59  Marine  
  111  8:00  Missile Turret  
  111  8:03  Missile Turret  
  111  8:04  Marine  
  113  8:06  Marine  
  113  8:07  Marine  
  113  8:12  Missile Turret  
  114  8:16  Bunker  
  114  8:18  Siege Tank  
  116  8:25  Marauder  
  97  8:34  Marine x2, Liberator  
  97  8:38  Bunker  
  101  8:45  Bunker  
  101  8:46  Marauder  
  101  8:47  Marine  
  104  8:53  Marine x2  
  102  8:56  Supply Depot  
  102  8:57  Marine x2  
  103  9:07  Siege Tank  
  103  9:08  Marauder  
  104  9:14  Marine x2  
  99  9:18  Marine x2  
  99  9:23  Marine  
  102  9:24  Viking  
  102  9:29  Marauder  
  106  9:31  Marine x2  
  106  9:36  Marine x2  
  110  9:41  Bunker  
  106  9:47  Marine  
  105  9:51  Marauder  
Tags
 
Add a new tag
Caveats
  • Supply blocks, unpowered buildings, or Contaminate may cause inaccurate times.
  • Supply counts are checked every 10 seconds.